 Dungeon Sprint DCSS version 0.26-a0-980-g0fe3eaa9ac (webtiles) character file.

Game seed: 8034381491411478212

73446 mhtbhm the Impregnable (level 15, -8/109 HPs)
             Began as a Gargoyle Berserker on Dec 5, 2020.
             Was the Champion of Trog.
             Mangled by a reaper
             ... wielding a +1 scythe of protection
              (18 damage)
             ... in the Dungeon (Sprint V: "Ziggurat Sprint").
             The game lasted 00:16:11 (2593 turns).

mhtbhm the Impregnable (Gargoyle Berserker)         Turns: 2593, Time: 00:16:12

Health: -8/109     AC: 39    Str: 40    XL:     15   Next: 43%
Magic:  13/15      EV: 15    Int: 12    God:    Trog [******]
Gold:   0          SH:  0    Dex: 13    Spells: 14/14 levels left

rFire    . . .     SeeInvis .   J - +8 great mace of Brawling {holy, rElec}
rCold    + . .     Faith    +   (shield currently unavailable)
rNeg     + . .     Spirit   .   b - +13 crystal plate armour
rPois    ∞         Reflect  .   H - +1 helmet {Int+3}
rElec    +         Harm     .   E - +2 cloak {rCorr}
rCorr    +         Rampage  .   (no gloves)
MR       +....     NoTele   +   y - +2 pair of boots of Vack {*Drain Dex+4}
Stlth    ..........             I - amulet "Zamnorow" {Faith rC+ Int+2}
HPRegen  0.28/turn              o - +6 ring of strength
MPRegen  0.14/turn              p - +6 ring of strength

@: corroded, berserk cooldown, slowed, very slow
A: big wings, negative energy resistance 1, electricity resistance, unbreathing,
petrification resistance, rot immunity, AC +11
a: Fly, Berserk, Trog's Hand, Brothers in Arms, Renounce Religion


You were in the Dungeon.
You worshipped Trog.
Trog was exalted by your worship.
You visited 1 branch

Inventory:

Hand Weapons
 B - a +2 morningstar of holy wrath
 G - a +7 broad axe of electrocution
 J - the +8 great mace of Brawling (weapon) {holy, rElec}
   (You found it in the Dungeon)

   It has been blessed by the Shining One to cause great damage to the undead
   and demons.
   It insulates you from electricity.
 M - the +5 scythe "Finisher" {speed, eviscerate}
   (You took it off a merfolk impaler in the Dungeon)

   Attacks with this weapon are significantly faster.
 N - a +6 antimagic executioner's axe
Armour
 b - a +13 crystal plate armour (worn)
 c - the +18 shield of the Gong {rElec rN+ MR+ EV-5}
   (You found it in the Dungeon)

   It affects your evasion (-5).
   It insulates you from electricity.
   It protects you from negative energy.
   It affects your resistance to hostile enchantments.
 y - the +2 pair of boots of Vack (worn) {*Drain Dex+4}
   (You found it in the Dungeon)

   It affects your dexterity (+4).
   It causes draining when unequipped.
 E - a +2 cloak of preservation (worn)
 H - a +1 helmet of intelligence (worn)
Jewellery
 a - an uncursed ring of protection from magic
 o - a +6 ring of strength (left hand)
 p - a +6 ring of strength (right hand)
 x - the amulet of the Doge {RegenMP MR+ Str+5 Int+2}
   (You found it in the Dungeon)

   [amulet of magic regeneration]

   It increases your magic regeneration.
   It affects your strength (+5).
   It affects your intelligence (+2).
   It affects your resistance to hostile enchantments.
 I - the amulet "Zamnorow" (around neck) {Faith rC+ Int+2}
   (You found it in the Dungeon)

   [amulet of faith]

   It allows you to gain divine favour quickly.
   It affects your intelligence (+2).
   It protects you from cold.
Wands
 q - a wand of disintegration (7)
 r - a wand of iceblast (2)
 s - a wand of acid (4)
Scrolls
 h - 2 scrolls of blinking
 j - 7 scrolls of fog
 k - a scroll of holy word
 l - 4 scrolls of identify
 m - 3 scrolls of remove curse
 n - 2 scrolls of fear
 A - 4 scrolls of enchant armour
 C - 3 scrolls of brand weapon
Potions
 d - 5 potions of heal wounds
 e - 17 potions of haste
 f - 7 potions of magic
 g - 3 potions of berserk rage
 i - 9 potions of curing
 t - 2 potions of invisibility
 u - 4 potions of resistance
 v - a potion of experience
 w - 6 potions of might
Miscellaneous
 z - a tin of tremorstones (2/2)
 D - a condenser vane


   Skills:
 + Level 18.5 Fighting
 + Level 21.1(21.2) Axes
 + Level 4.3(16.0) Maces & Flails
 * Level 22.6 Armour
 * Level 13.5 Dodging
 + Level 10.0 Stealth
 + Level 16.4 Shields
 + Level 7.0 Evocations


You had 14 spell levels left.
You didn't know any spells.
Your spell library contained the following spells:

 Spells                   Type           Power        Failure   Level
 Ensorcelled Hibernation  Hex/Ice        #.....       94%         2
 Mephitic Cloud           Conj/Pois/Air  #.......     99%         3
 Eringya's Noxious Bog    Tmut/Pois      #.........   100%        6


Dungeon Overview and Level Annotations

Branches:
Dungeon (1/1)

Altars:
Ashenzari
Cheibriados
Dithmenos
Elyvilon
Fedhas
Gozag
Hepliaklqana
Kikubaaqudgha
Makhleb
Nemelex Xobeh
Okawaru
Qazlal
Ru
Sif Muna
Trog
Uskayaw
Vehumet
Wu Jian
Xom
Yredelemnul
Zin
The Shining One
Beogh
Jiyva
Lugonu

Annotations:
D 1 transporter


Innate Abilities, Weirdness & Mutations

You are resistant to torment.
Your stone body is resilient. (AC +11)
You are immune to poison.
Your large and strong wings let you fly indefinitely.
You resist negative energy. (rN+)
You are resistant to electric shocks. (rElec)
You can survive without breathing.
You are immune to petrification.
You are immune to rotting.


Message History

You barely miss the reaper.
The reaper is heavily wounded.
The adder zombie bites you but does no damage.
The reaper hits you with a +1 scythe of protection!!
* * * LOW HITPOINT WARNING * * *
You hit the reaper.
The reaper convulses.
The reaper is severely wounded.
The adder zombie misses you. The adder zombie closely misses you.
You closely miss the reaper.
The reaper is severely wounded.
The reaper hits you but does no damage. The adder zombie misses you.
Unknown command.
Evoke which item? (* to show all) (? for menu, Esc to quit)
Aiming: Corrosive Bolt
Press: ? - help, Shift-Dir - straight line, f - reaper
Aim: a reaper, wielding a +1 scythe of protection (poison gas, severely wounded, 26% to evade)
The bolt of acid misses the reaper.
The adder zombie bites you but does no damage.
The reaper hits you with a +1 scythe of protection!!
You die...

_▓
.........).)...▓.............▓
8▓
...............▓.............▓
_▓
.........).....▓.............▓
8▓
..........○○.°.▓.............▓
_▓
........§○...○.▓.....).......▓
8▓
.........§°☼).)▓..▓..[))÷.▓..▓
_▓
.........°§○○..▓.▓▓▓.....▓▓▓.▓
8▓
............)2°▓..▓.......▓..▓
_▓
............=@)▓.............▓
8▓
............°Z.▓......©......▓
▓▓
...............▓▓▓▓▓▓▓▓▓▓▓▓▓▓▓
.......©.......▓.....8©8.....▓
▓▓▓▓▓▓▓▓▓▓▓▓▓▓▓▓...)[)}|):[..▓
▓..|:).}.:|)..▓
▓.............▓
▓.....††).....▓
▓......††.....▓


You could see a reaper and an adder zombie.

Vanquished Creatures
  A pandemonium lord (D)
  A Hell Sentinel (D)
  2 deep elf master archers (D)
  3 quicksilver dragons (D)
  A vault warden (D)
  A deep elf sorcerer (D)
  2 frost giants (D)
  3 reapers (D)
  An ironheart preserver (D)
  A stone giant (D)
  A very ugly thing (D)
  A deep elf demonologist (D)
  A green draconian (D)
  A black draconian (D)
  A merfolk javelineer (D)
  A blizzard demon (D)
  2 merfolk impalers (D)
  6 crystal guardians (D)
  2 ice dragons (D)
  A deep elf high priest (D)
  2 naga warriors (D)
  An alligator snapping turtle (D)
  A merfolk aquamancer (D)
  A shock serpent (shapeshifter) (D)
  A soul eater (D)
  A sun demon (D)
  2 deep elf knights (D)
  An iron golem (D)
  A flayed ghost (D)
  An unseen horror (D)
  2 sea snakes (D)
  A deep elf archer (D)
  A harpy (D)
  A salamander (shapeshifter) (D)
  A deep elf mage (D)
  5 draconians (D)
  2 ugly things (D)
  A manticore (D)
  A guardian serpent (D)
  A moth of wrath (shapeshifter) (D)
  A black mamba (D)
  2 elephants (shapeshifter) (D)
  An orange demon (D)
  A smoke demon (D)
  4 rust devils (D)
  A naga mage (D)
  A water nymph (D)
  3 rime drakes (D)
  2 komodo dragons (D)
  2 ice devils (D)
  A freezing wraith (D)
  A tormentor (D)
  A hellwing (D)
  3 red devils (D)
  8 merfolk (D)
  A merfolk (shapeshifter) (D)
  2 polar bears (D)
  2 snapping turtles (D)
  A slime creature (D)
  A dream sheep (shapeshifter) (D)
  2 water elementals (D)
  An air elemental (D)
  A spriggan (shapeshifter) (D)
  A yak (D)
  A golden eye (D)
  A basilisk (D)
  4 neqoxecs (D)
  A swamp worm (shapeshifter) (D)
  A naga (D)
  2 floating eyes (shapeshifter) (D)
  A water moccasin (shapeshifter) (D)
  2 hell hounds (D)
  An orc warrior (D)
  3 ice beasts (D)
  3 necrophages (D)
  4 earth elementals (D)
  2 wights (D)
  A quasit (D)
  3 orc priests (D)
  An iron imp (D)
  An iguana (D)
  An adder (D)
  An adder skeleton (D)
  2 adder simulacra (D)
  3 bat skeletons (D)
  2 bat zombies (D)
  A ball python (D)
  2 bat simulacra (D)
  A giant cockroach simulacrum (D)
  A jackal zombie (D)
151 creatures vanquished.

Vanquished Creatures (collateral kills)
  A pandemonium lord (D)
  A nagaraja (D)
  A cacodemon (D)
  A purple draconian (D)
  A merfolk javelineer (D)
  A flayed ghost (D)
  A draconian (D)
  A guardian serpent (D)
  A komodo dragon (D)
  A wraith (D)
  A ynoxinul (D)
  A golden eye (D)
  A neqoxec (D)
  2 orc warriors (D)
  2 hell hounds (D)
  A floating eye (D)
  A necrophage (D)
  2 earth elementals (D)
  An orc priest (D)
  3 jellies (D)
  An ooze (D)
  2 adder zombies (D)
  2 bat zombies (D)
30 creatures vanquished.

Vanquished Creatures (others)
  A merfolk impaler (D)
  A merfolk aquamancer (D)
  A sea snake (D)
  A hellwing (D)
  A wind drake (D)
5 creatures vanquished.

Grand Total: 186 creatures vanquished

Notes
Turn   | Place    | Note
-------+----------+-------------------------------------------
     0 | D        | mhtbhm the Gargoyle Berserker began the quest for the Orb.
     0 | D        | Reached XP level 1. HP: 14/14 MP: 1/1
    16 | D        | Found a shimmering blue altar of Sif Muna.
    16 | D        | Found a bloodstained altar of Trog.
    16 | D        | Found a sacrificial altar of Ru.
    16 | D        | Found a stormy altar of Qazlal.
    16 | D        | Found an iron altar of Okawaru.
    18 | D        | Found a sparkling altar of Nemelex Xobeh.
    19 | D        | Found the +6 Majin-Bo {vamp, MP+6 Int+6}
    19 | D        | Found the +9 heavy crossbow "Sniper" {vorpal, Acc+∞ SInv}
    19 | D        | Found the +10 dark maul {vorpal}
    19 | D        | Found the +15 Maxwell's patent armour {-Cast -Tele rElec
                  | MR+ rCorr}
    19 | D        | Found the +18 shield of the Gong {rElec rN+ MR+ EV-5}
    19 | D        | Found the cursed +14 obsidian axe {vorpal, +Fly SInv
                  | *Curse}
    19 | D        | Found the +7 great mace "Firestarter" {inner flame, rF++}
    19 | D        | Found the +6 shillelagh "Devastator" {shatter}
    19 | D        | Found the +11 plutonium sword {*Contam Stlth-}
    19 | D        | Found the +8 lance "Wyrmbane" {slay drac, rPois rF+ rC+
                  | AC+3}
    19 | D        | Found the +9 sword of Zonguldrok {reap}
    19 | D        | Found the cursed +13 scythe of Curses {drain, *Curse}
    19 | D        | Found the +0 sword of Power
    19 | D        | Found the +7 mace of Variability {chain chaos}
    19 | D        | Found the +7 Singing Sword {vorpal, sonic wave}
    19 | D        | Found the +8 storm bow {elec, penet}
    19 | D        | Found an ancient bone altar of Kikubaaqudgha.
    19 | D        | Found a transporter.
    19 | D        | Found a corrupted altar of Lugonu.
    19 | D        | Found a viscous altar of Jiyva.
    19 | D        | Found a burning altar of Makhleb.
    19 | D        | Found a hazy altar of Hepliaklqana.
    19 | D        | Found an opulent altar of Gozag.
    78 | D        | Found a blossoming altar of Fedhas.
    92 | D        | Entered arena 2.
    92 | D        | Noticed a necrophage
    92 | D        | Noticed a wight
    92 | D        | Found a transporter.
    94 | D        | Killed a wight
    95 | D        | Reached skill level 5 in Fighting
    95 | D        | Reached skill level 3 in Armour
    95 | D        | Reached XP level 2. HP: 21/21 MP: 2/2
    95 | D        | Reached XP level 3. HP: 26/26 MP: 3/3
    97 | D        | Killed a necrophage
    98 | D        | Reached XP level 4. HP: 34/34 MP: 4/4
    98 | D        | Reached XP level 5. HP: 38/38 MP: 5/5
   102 | D        | Got the Incunabulum of the Lost Ghosts
   229 | D        | Entered arena 3.
   229 | D        | Noticed an ironheart preserver
   229 | D        | Noticed a vault warden
   229 | D        | Noticed an unseen horror
   229 | D        | Found a transporter.
   236 | D        | Killed an unseen horror
   236 | D        | Reached ** piety under Trog
   237 | D        | Reached skill level 10 in Fighting
   237 | D        | Reached skill level 10 in Axes
   237 | D        | Reached skill level 5 in Armour
   237 | D        | Reached XP level 6. HP: 48/48 MP: 6/6
   237 | D        | Reached XP level 7. HP: 53/53 MP: 7/7
   239 | D        | Killed an ironheart preserver
   240 | D        | Reached skill level 6 in Armour
   240 | D        | Reached skill level 5 in Dodging
   240 | D        | Reached XP level 8. HP: 60/60 MP: 8/8
   240 | D        | Reached XP level 9. HP: 65/65 MP: 9/9
   242 | D        | Killed a vault warden
   242 | D        | Reached *** piety under Trog
   243 | D        | Reached skill level 7 in Armour
   243 | D        | Reached skill level 5 in Shields
   416 | D        | Entered arena 4.
   416 | D        | Found a transporter.
   426 | D        | Reached **** piety under Trog
   436 | D        | Entered arena 5.
   436 | D        | Noticed a merfolk
   436 | D        | Noticed a merfolk
   436 | D        | Noticed a merfolk
   436 | D        | Noticed a merfolk
   436 | D        | Found a transporter.
   437 | D        | Identified the +6 hand axe "Jerin" {flame, rElec rC- Int+4
                  | Dex+4}
   440 | D        | Killed a merfolk
   446 | D        | Killed a merfolk
   447 | D        | Reached XP level 10. HP: 62/73 MP: 10/10
   453 | D        | Reached skill level 8 in Armour
   584 | D        | Entered arena 6.
   584 | D        | Found a transporter.
   586 | D        | Reached ***** piety under Trog
   589 | D        | Reached skill level 1 in Stealth
   596 | D        | Got the +2 pair of boots of Vack {*Drain Dex+4}
   606 | D        | Entered arena 7.
   607 | D        | Found a transporter.
   608 | D        | Received a gift from Trog
   652 | D        | Entered arena 8.
   653 | D        | Found a transporter.
   661 | D        | Received a gift from Trog
   662 | D        | Reached skill level 15 in Axes
   694 | D        | Entered arena 9.
   695 | D        | Found a transporter.
   702 | D        | Reached ****** piety under Trog
   703 | D        | Received a gift from Trog
   749 | D        | Entered arena 10.
   750 | D        | Found a transporter.
   750 | D        | Paralysed by a floating eye for 4 turns
   756 | D        | Reached skill level 9 in Armour
   759 | D        | Reached skill level 10 in Armour
   761 | D        | Reached skill level 11 in Armour
   851 | D        | Entered arena 11.
   851 | D        | Noticed a draconian
   851 | D        | Noticed a draconian
   851 | D        | Noticed a draconian
   851 | D        | Noticed a draconian
   851 | D        | Noticed a draconian
   851 | D        | Noticed a black draconian
   851 | D        | Noticed a purple draconian
   851 | D        | Noticed a draconian
   851 | D        | Noticed a green draconian
   852 | D        | Identified the +8 glaive of Experimentation {vamp, rElec
                  | MR+ Int+2}
   854 | D        | Found a transporter.
   858 | D        | Killed a draconian
   858 | D        | Received a gift from Trog
   858 | D        | Killed a draconian
   859 | D        | Reached skill level 13 in Armour
   859 | D        | Reached XP level 11. HP: 80/80 MP: 11/11
   859 | D        | Killed a purple draconian
   859 | D        | Killed a draconian
   860 | D        | Reached skill level 16 in Armour
   860 | D        | Reached skill level 1 in Evocations
   861 | D        | Killed a black draconian
   862 | D        | Killed a green draconian
   863 | D        | Reached skill level 17 in Armour
   863 | D        | Killed a draconian
   864 | D        | Killed a draconian
   864 | D        | Received a gift from Trog
   865 | D        | Reached skill level 18 in Armour
   866 | D        | Killed a draconian
   875 | D        | Got an encrusted broad axe {god gift}
   876 | D        | Identified the +2 broad axe of the Gloaming {vorpal, MR-
                  | Int+10} (Trog gifted it to you in the Dungeon)
   926 | D        | Entered arena 12.
   926 | D        | Noticed a nagaraja
   926 | D        | Noticed a naga warrior
   927 | D        | Noticed a naga warrior
   933 | D        | Received a gift from Trog
   934 | D        | Killed a naga warrior
   936 | D        | Killed a naga warrior
   936 | D        | Received a gift from Trog
   937 | D        | Reached skill level 10 in Shields
   937 | D        | Reached XP level 12. HP: 86/86 MP: 12/12
   938 | D        | Killed a nagaraja
   952 | D        | Found a transporter.
   981 | D        | Entered arena 13.
   981 | D        | Noticed a merfolk impaler
   981 | D        | Noticed a merfolk javelineer
   981 | D        | Noticed an alligator snapping turtle
   983 | D        | Noticed a merfolk aquamancer
   987 | D        | Reached skill level 19 in Armour
   988 | D        | Killed a merfolk javelineer
   988 | D        | Received a gift from Trog
   990 | D        | Reached skill level 15 in Fighting
   990 | D        | Killed a merfolk impaler
   992 | D        | Killed a merfolk aquamancer
   997 | D        | Killed an alligator snapping turtle
   998 | D        | Found a transporter.
  1015 | D        | Got the amulet "Zamnorow" {Faith rC+ Int+2}
  1129 | D        | Got the +8 great mace of Brawling {holy, rElec}
  1182 | D        | Entered arena 14.
  1183 | D        | Noticed a deep elf high priest
  1183 | D        | Noticed a deep elf knight
  1183 | D        | Noticed a deep elf sorcerer
  1183 | D        | Noticed a deep elf master archer
  1184 | D        | Noticed a deep elf knight
  1184 | D        | Noticed a deep elf master archer
  1184 | D        | Noticed a deep elf demonologist
  1187 | D        | Received a gift from Trog
  1187 | D        | Killed a deep elf high priest
  1188 | D        | Killed a deep elf knight
  1188 | D        | Killed a deep elf knight
  1188 | D        | Received a gift from Trog
  1188 | D        | Killed a deep elf sorcerer
  1188 | D        | Killed a deep elf demonologist
  1189 | D        | Reached XP level 13. HP: 40/93 MP: 13/13
  1189 | D        | Found a transporter.
  1189 | D        | Received a gift from Trog
  1190 | D        | Killed a deep elf master archer
  1193 | D        | Killed a deep elf master archer
  1194 | D        | Reached skill level 20 in Armour
  1491 | D        | Got the amulet "Mesiesh" {Acrobat Str+4}
  1525 | D        | Entered arena 15.
  1526 | D        | Noticed a merfolk impaler
  1526 | D        | Noticed a merfolk impaler
  1526 | D        | Noticed a merfolk javelineer
  1527 | D        | Identified the +2 quarterstaff "Killer Bee's Curse"
                  | {vorpal, rN++ SInv}
  1532 | D        | Found a transporter.
  1533 | D        | Received a gift from Trog
  1534 | D        | Killed a merfolk javelineer
  1536 | D        | Killed a merfolk impaler
  1536 | D        | Received a gift from Trog
  1537 | D        | Reached skill level 10 in Dodging
  1541 | D        | Killed a merfolk impaler
  1740 | D        | Entered arena 16.
  1741 | D        | Noticed a cacodemon
  1741 | D        | Noticed a Hell Sentinel
  1741 | D        | Noticed Juvud the pandemonium lord
  1742 | D        | Noticed Reutaa the pandemonium lord
  1748 | D        | Killed a cacodemon
  1748 | D        | Received a gift from Trog
  1754 | D        | Killed Juvud the pandemonium lord
  1754 | D        | Received a gift from Trog
  1755 | D        | Reached skill level 5 in Evocations
  1755 | D        | Gained mutation: Your large and strong wings let you fly
                  | indefinitely. [Gargoyle growth]
  1755 | D        | Reached XP level 14. HP: 92/100 MP: 14/14
  1759 | D        | Killed a Hell Sentinel
  1759 | D        | Killed Reutaa the pandemonium lord
  1760 | D        | Found a transporter.
  1762 | D        | Reached skill level 21 in Armour
  1763 | D        | Received a gift from Trog
  1799 | D        | Entered arena 17.
  2083 | D        | Noticed a quicksilver dragon
  2083 | D        | Noticed a quicksilver dragon
  2083 | D        | Noticed a quicksilver dragon
  2083 | D        | Noticed a stone giant
  2084 | D        | Found the +12 Vampire's Tooth {vamp}
  2090 | D        | Killed a quicksilver dragon
  2091 | D        | Reached skill level 15 in Shields
  2096 | D        | Killed a quicksilver dragon
  2096 | D        | Received a gift from Trog
  2097 | D        | Killed a quicksilver dragon
  2099 | D        | Received a gift from Trog
  2101 | D        | Found a transporter.
  2109 | D        | Received a gift from Trog
  2112 | D        | Killed a stone giant
  2223 | D        | Got the cursed ring of Plog {MP+9 EV-4 Dex+3}
  2364 | D        | Entered arena 18.
  2368 | D        | Noticed a red very ugly thing
  2370 | D        | Found the +5 demon whip "Spellbinder" {antimagic, MR+}
  2372 | D        | Received a gift from Trog
  2376 | D        | Killed a cyan very ugly thing
  2377 | D        | Found a transporter.
  2380 | D        | Received a gift from Trog
  2392 | D        | Received a gift from Trog
  2393 | D        | Reached XP level 15. HP: 108/108 MP: 5/15
  2412 | D        | Got the amulet of the Doge {RegenMP MR+ Str+5 Int+2}
  2454 | D        | Entered arena 19.
  2457 | D        | Noticed a frost giant
  2457 | D        | Noticed a frost giant
  2460 | D        | Received a gift from Trog
  2463 | D        | Reached skill level 22 in Armour
  2463 | D        | Received a gift from Trog
  2474 | D        | Killed a frost giant
  2474 | D        | Received a gift from Trog
  2475 | D        | Killed a frost giant
  2488 | D        | Found a transporter.
  2506 | D        | Got the ring "Juoxzeym" {rPois EV+4 Str+3 Dex+4}
  2533 | D        | Entered arena 20.
  2539 | D        | Found the +2 shield of Resistance {rF++ rC++ MR++}
  2539 | D        | Identified the +3 halberd "Keumin" {vorpal, rC+ Int+3}
  2540 | D        | Found a transporter.
  2540 | D        | Identified the ring "Ritzick" {+Blink rF+ MR+}
  2541 | D        | Found the +27 Lear's hauberk
  2548 | D        | Received a gift from Trog
  2552 | D        | Reached skill level 1 in Maces & Flails
  2552 | D        | Reached skill level 10 in Stealth
  2570 | D        | Received a gift from Trog
  2578 | D        | Received a gift from Trog
  2593 | D        | Mangled by a reaper

Illustrated notes

Levels and vault maps discovered:
D:        sprint_v [room_start, room_1, room_2, room_3, room_4, room_5, room_6,
          room_7, room_8, room_9, room_10, room_11, room_12, room_13, room_14,
          room_15, room_16, room_17, room_18, room_19, room_20, room_21,
          room_22, room_23, room_24, room_25, room_26, room_27]

Skill      XL: |  1  2  3  4  5  6  7  8  9 10 11 12 13 14 15 |
---------------+----------------------------------------------+-----
Fighting       | 5 7 10 12 13 14 15 16 17 18 | 18.5
Axes           | 4 6 10 12 14 15 16 17 19 20 21 | 21.1
Armour         | 3 5 6 7 13 18 19 20 21 22 | 22.6
Dodging        | 2 3 4 5 6 8 10 12 13 | 13.5
Shields        | 2 4 6 9 10 12 14 16 | 16.4
Stealth        | 1 6 9 10 | 10.0
Evocations     | 2 3 5 6 7 |  7.0
Maces & Flails | 4 |  4.3

Action                   |  1- 3 |  4- 6 |  7- 9 | 10-12 | 13-15 || total
-------------------------+-------+-------+-------+-------+-------++-------
Melee: Broad axe         |     4 |     4 |    20 |    64 |    53 ||   145
       Executioner's axe |       |       |       |       |    29 ||    29
       Great mace        |       |       |       |       |    31 ||    31
Invok: Berserk           |     1 |     1 |     1 |     5 |     5 ||    13
       Brothers in Arms  |       |       |       |       |     4 ||     4
Evoke: Condenser vane    |       |       |       |     3 |     6 ||     9
       Tin of tremorston |       |       |       |     2 |     9 ||    11
       Wand              |       |       |       |       |     8 ||     8
  Use: Scroll            |       |       |       |     7 |     8 ||    15
       Potion            |       |       |       |     2 |     4 ||     6
 Stab: Distracted        |       |       |     1 |       |       ||     1
       Confused          |       |       |       |       |    10 ||    10
Armor: Crystal plate arm |       |     1 |    18 |    38 |   176 ||   233
Dodge: Dodged            |       |     1 |     1 |     1 |   175 ||   178
Block: Kite shield       |     3 |     9 |    41 |    84 |    65 ||   202

Table legend: (Time is in decaauts)
 A = Elapsed time spent in this place.
 B = Non-inter-level travel time spent in this place.
 C = Inter-level travel time spent in this place.
 D = Time resting spent in this place.
 E = Time spent auto-exploring this place.
 F = Levels seen in this place.
 G = Mean time per level.
                   A        B        C        D        E       F      G
               +--------+--------+--------+--------+--------+-----+--------+
         Total |   2713 |   2713 |      0 |   1631 |      0 |   1 | 2713.0 |
       Dungeon |   2713 |   2713 |      0 |   1631 |      0 |   1 | 2713.0 |
               +--------+--------+--------+--------+--------+-----+--------+

Top non-repeatable levels by time:
       D: 2713 daAuts
